 Dungeon Crawl Stone Soup version 0.27.1-1-g398f81649c (webtiles) character file.

Game seed: 6520666622974944574

81 nxtlvl the Chopper (level 4, 19/38 HPs)
             Began as a Draconian Berserker on Sept 8, 2021.
             Was a Follower of Trog.
             Quit the game on level 3 of the Dungeon.
             The game lasted 00:01:01 (141 turns).

nxtlvl the Chopper (Draconian Berserker)             Turns: 141, Time: 00:01:02

Health: 19/38      AC:  5    Str: 19    XL:     4   Next: 19%
Magic:  4/4        EV: 12    Int:  8    God:    Trog [*.....]
Gold:   19         SH:  0    Dex: 11    Spells: 3/3 levels left

rFire    . . .     SeeInvis .   a - +0 hand axe
rCold    . . .     Faith    .   (no shield)
rNeg     . . .     Spirit   .   (armour unavailable)
rPois    .         Reflect  .   (helmet restricted)
rElec    .         Harm     .   (no cloak)
rCorr    .         Rampage  .   (no gloves)
Will     .....                  (no boots)
Stlth    +.........             (no amulet)
HPRegen  0.12/turn              (no ring)
MPRegen  0.09/turn              (no ring)

@: on berserk cooldown, slowed, very slow
A: AC +5, unfitting armour, cold-blooded
a: Renounce Religion, Berserk


You were on level 3 of the Dungeon.
You worshipped Trog.
Trog was aware of your devotion.
You visited 1 branch of the dungeon, and saw 3 of its levels.

You collected 19 gold pieces.

Inventory:

Hand Weapons
 a - a +0 hand axe (weapon)
Wands
 c - a wand of flame (14)
Scrolls
 b - a scroll of identify {unknown}
Potions
 d - a potion of might {unknown}


   Skills:
 - Level 3.2 Fighting
 * Level 5.1 Axes
 - Level 2.6 Dodging


You had 3 spell levels left.
You didn't know any spells.
Your spell library was empty.

Dungeon Overview and Level Annotations

Branches:
Dungeon (2/15)

Altars:


Innate Abilities, Weirdness & Mutations

Your plain brown scales are hard. (AC +5)
You cannot fit into any form of body armour.
You are cold-blooded and may be slowed by cold attacks.


Message History

The gnoll hits you with a +0 spear!
You slash the gnoll!
The gnoll is severely wounded.
You slash the gnoll! You slash the hound skeleton!
You destroy the hound skeleton!
Trog accepts your kill.
You barely miss the gnoll.
The kobold throws a stone.
The stone misses you.
The stone completely misses the gnoll.
The gnoll barely misses you. The gnoll hits you with a +0 flail.
You barely miss the gnoll. You tail-slap the gnoll.
You kill the gnoll!
Trog accepts your kill.
You hit the gnoll. You barely miss the gnoll.
The gnoll hits you with a +0 spear. The gnoll barely misses you.
Unknown command.
You hit the gnoll.
The gnoll is moderately wounded.
You hit the gnoll.
You kill the gnoll!
Trog accepts your kill.
You closely miss the kobold.
You have reached level 4!
You feel clever.
You slash the gnoll!
You kill the gnoll!
Trog accepts your kill.
You hit the kobold.
You kill the kobold!
Trog accepts your kill.
Your Axes skill increases to level 5!
Things that are here:
a +0 short sword; 3 stones; a kobold corpse You feel a strong urge to attack something.
You are no longer berserk.
You are exhausted.
You feel yourself slow down.
A quokka comes into view.
Things that are here:
a +0 spear; a gnoll corpse Are you sure you want to abandon this character and quit the game? (Confirm with "yes".)

# #.#+########
#..........#
#.#.$....)...#
).......)....#
..##..))@....#
#.........#
............#
###.........#
...........#
............#
r....########
#####


You could see a quokka (wandering).

Vanquished Creatures
  Jessica (D:2)
  A hound skeleton (D:3)
  4 gnolls (D:3)
  A hobgoblin (D:2)
  A kobold (D:3)
  A ball python (D:1)
9 creatures vanquished.

Notes
Turn   | Place    | Note
-------+----------+-------------------------------------------
     0 | D:1      | nxtlvl the Draconian Berserker began the quest for the Orb.
     0 | D:1      | Reached XP level 1. HP: 19/19 MP: 1/1
    24 | D:2      | Noticed Jessica
    33 | D:2      | Killed Jessica
    34 | D:2      | Reached skill level 4 in Axes
    34 | D:2      | Reached XP level 2. HP: 26/26 MP: 2/2
   128 | D:2      | You fall into a shaft and drop 1 floor!
   134 | D:3      | Reached XP level 3. HP: 31/31 MP: 3/3
   138 | D:3      | Reached XP level 4. HP: 28/38 MP: 4/4
   139 | D:3      | Reached skill level 5 in Axes
   141 | D:3      | Quit the game

Illustrated notes

Levels and vault maps discovered:
D:1:      dpeg_arrival_rhombus, layout_loops_ring
D:2:      layout_loops_cross, basic_altar, serial_shops, nicolae_shop_trees,
          due_unseen_surprise, uniq_jessica
D:3:      layout_basic, dreamdust_ecumenical_altar_angels_and_demons,
          minmay_statues_item

Skill      XL: |  1  2  3  4 |
---------------+-------------+-----
Axes           | 4 5 |  5.1
Fighting       | |  3.2
Dodging        | |  2.6

Action                   |  1- 3 |  4- 6 || total
-------------------------+-------+-------++-------
Melee: Hand axe          |    10 |     1 ||    11
       Tailslap          |     3 |       ||     3
Invok: Berserk           |     2 |       ||     2
Armor: Skin              |     2 |       ||     2
Dodge: Dodged            |    14 |       ||    14
